 Dungeon Crawl Stone Soup version 0.31-a0-1074-g0b22e4e0f1 (webtiles) character file.

Game seed: 12407426158406997364

277 schwank the Chopper (level 6, -5/51 HPs)
             Began as an Armataur Fighter on Dec 6, 2023.
             Killed from afar by Sigmund (7 damage)
             ... with a puff of flame
             ... on level 5 of the Dungeon.
             The game lasted 00:05:06 (2877 turns).

schwank the Chopper (Armataur Fighter)              Turns: 2877, Time: 00:05:06

Health: -5/51      AC: 11    Str: 23    XL:     6   Next: 4%
Magic:  15/15      EV:  1    Int:  8    God:
Gold:   230        SH: 11    Dex: 10    Spells: 5/5 levels left

rFire   . . .        a - +0 war axe
rCold   . . .        n - +0 tower shield
rNeg    . . .        v - +0 plate armour
rPois   +            i - +0 helmet
rElec   .            (no cloak)
rCorr   .            (no gloves)
SInv    .            (no barding)
Will    .....        (no amulet) Stlth
                     e - ring of poison resistance
HPRegen 0.28/turn    q - ring of magical power
MPRegen 0.14/turn

%: roll
@: no status effects
A: large, deformed body, tough skin 3, armoured tail, roll 1, long tongue
a: no special abilities


You were on level 5 of the Dungeon.
You visited 1 branch of the dungeon, and saw 5 of its levels.

You collected 230 gold pieces.

Inventory:

Hand Weapons
 a - a +0 war axe (weapon)
Armour
 i - a +0 helmet (worn)
 n - a +0 tower shield (worn)
 v - a +0 plate armour (worn)
Jewellery
 e - a ring of poison resistance (left hand)
 q - a ring of magical power (right hand)
 s - a +6 ring of intelligence
 t - a +6 ring of intelligence
Scrolls
 c - a scroll of vulnerability {unknown}
 f - 7 scrolls of identify {unknown}
 g - 3 scrolls of revelation {unknown}
 h - a scroll of torment {unknown}
 j - 2 scrolls of noise {unknown}
 l - a scroll of teleportation {unknown}
 p - 2 scrolls of fear {unknown}
Potions
 d - 3 potions of might
 k - 2 potions of attraction {unknown}
 m - 2 potions of brilliance {unknown}
 o - a potion of haste {unknown}
 u - 3 potions of curing {unknown}


   Skills:
 + Level 3.1 Fighting
 * Level 4.7 Axes
 + Level 4.2 Armour
 + Level 0.4 Dodging
 + Level 0.1 Stealth
 - Level 3.2 Shields


You had 5 spell levels left.
You didn't know any spells.
Your spell library contained the following spells:

 Spells                   Type           Power      Damage    Failure   Level
 Hailstorm                Conj/Ice       0%         3d3       100%        3
 Ignite Poison            Fire/Tmut/Pois 0%         N/A       100%        3
 Mephitic Cloud           Conj/Pois/Air  0%         N/A       100%        3
 Swiftness                Air            0%         N/A       100%        3
 Sticky Flame             Conj/Fire      0%         2d3       100%        4
 Summon Ice Beast         Ice/Summ       0%         N/A       100%        4
 Simulacrum               Ice/Necr       0%         N/A       100%        6
 Ozocubu's Refrigeration  Ice            0%         4d7       100%        7
 Ignition                 Fire           0%         3d3       100%        8


Dungeon Overview and Level Annotations

Branches:
Dungeon (5/15)
 Temple: D:4-7

Altars:
Fedhas

Shops:
D:2 *

Annotations:
D:4 Pikel
D:5 Sigmund


Innate Abilities, Weirdness & Mutations

Armour fits poorly on your strangely shaped body.
You have extremely tough skin. (AC +3)
You have a long armoured tail.
You roll when moving toward enemies. (Rampage)
Your long tongue fully drains potion bottles. (2x potion effects)


Message History

A magic dart appears from out of thin air!
The magic dart hits you but does no damage.
You miss something. Something hits you but does no damage.
You miss something.
Your tail-slap misses something.
Something hits you but does no damage.
You miss something. Something hits you but does no damage.
You barely miss something. Something hits you!
You hit something.
Your tail-slap misses something.
Something hits you but does no damage.
You hit something. Something hits you.
You closely miss something. Something hits you.
You closely miss something.
Your tail-slap misses something.
Something hits you.
* * * LOW HITPOINT WARNING * * *
You miss something. Something hits you but does no damage.
You barely miss something.
Your tail-slap misses something.
Something hits you.
* * * LOW HITPOINT WARNING * * *
You barely miss something. You tail-slap something.
Something hits you but does no damage.
You closely miss something. Something hits you.
* * * LOW HITPOINT WARNING * * *
You miss something.
Your tail-slap misses something.
Sigmund appears from thin air!
Reactivating autopickup.
Sigmund hits you with a +0 scythe.
* * * LOW HITPOINT WARNING * * *
You closely miss Sigmund.
Your tail-slap misses Sigmund.
Sigmund is severely wounded.
Sigmund hits you with a +0 scythe.
* * * LOW HITPOINT WARNING * * *
You hit Sigmund.
Sigmund is severely wounded.
Sigmund hits you with a +0 scythe.
* * * LOW HITPOINT WARNING * * *
You barely miss Sigmund.
Sigmund is severely wounded.
Sigmund casts a spell at you. The puff of flame hits you!
You die...
Sigmund begins carving another notch in his scythe.

#...........#
#.#########.# #.# #.#
#.#########.#########
#.#..................
#>...................
#.....#..............
#...#.#+###..........
####...@....<....#....#.
#......#@.....#..#....#
#.............#รทรท#....#
#........#............+
#.................#.(.#
#.........#............
#.........+.....#..#+#.#
#.........#.###.....
#.....#####+ .......


You could see Sigmund.

Vanquished Creatures
  A hound (D:5)
  An orc priest (D:4)
  A jelly (D:5)
  2 iguanas
  An orc wizard (D:3)
  3 adders
  3 worms
  10 orcs
  6 endoplasms
  3 giant cockroaches
  5 goblins
  8 hobgoblins
  A quokka (D:3)
  5 ball pythons
  4 bats (D:3)
  2 frilled lizards (D:2)
  6 kobolds
  7 rats
69 creatures vanquished.

Notes
Turn   | Place    | Note
-------+----------+-------------------------------------------
     0 | D:1      | schwank the Armataur Fighter began the quest for the Orb.
     0 | D:1      | Reached XP level 1. HP: 18/18 MP: 1/1
   124 | D:1      | Reached XP level 2. HP: 22/25 MP: 2/2
   496 | D:2      | Reached XP level 3. HP: 22/30 MP: 3/3
   613 | D:2      | Found Roydaips's General Store.
   725 | D:2      | Got the Guidebook on Congelation and the Sky
  1247 | D:3      | Found a blossoming altar of Fedhas.
  1396 | D:3      | Reached XP level 4. HP: 27/38 MP: 4/4
  1583 | D:3      | Identified the +0 leather armour "Juxecvox" {rPois rF++
                  | Str+3}
  2064 | D:4      | Reached XP level 5. HP: 15/45 MP: 5/5
  2543 | D:4      | Noticed Pikel
  2543 | D:4      | Noticed a lemure
  2572 | D:5      | Entered Level 5 of the Dungeon
  2586 | D:5      | Reached XP level 6. HP: 17/51 MP: 6/6
  2837 | D:5      | Noticed Sigmund
  2876 | D:5      | HP: 2/51 [Sigmund/+0 scythe (3)]
  2877 | D:5      | Killed from afar by Sigmund

Illustrated notes

Levels and vault maps discovered:
D:1:      ebering_hopf_link, layout_rooms
D:2:      layout_basic, serial_shops, nicolae_shop_rolling_square
D:3:      layout_loops_ring, amcnicky_altar_gilded, minmay_circle_x
D:4:      layout_cave_pods, uniq_pikel
D:5:      layout_basic, uniq_sigmund

Skill      XL: |  1  2  3  4  5 |
---------------+----------------+-----
Axes           | 2 3 4 |  4.7
Armour         | 4 |  4.2
Fighting       | 3 |  3.1
Dodging        | |  0.4
Stealth        | |  0.1
Shields        | |  3.2

Action                     |  1- 3 |  4- 6 || total
---------------------------+-------+-------++-------
  Melee: War axe           |    83 |   114 ||   197
         Tailslap          |     6 |     9 ||    15
 Armour: Scale mail        |    55 |    27 ||    82
         Leather armour    |       |    10 ||    10
         Plate armour      |       |    66 ||    66
  Dodge: Dodged            |    20 |    19 ||    39
  Block: Buckler           |     6 |       ||     6
         Tower shield      |    12 |    69 ||    81

Table legend: (Time is in decaauts)
 A = Elapsed time spent in this place.
 B = Non-inter-level travel time spent in this place.
 C = Inter-level travel time spent in this place.
 D = Time resting spent in this place.
 E = Time spent auto-exploring this place.
 F = Levels seen in this place.
 G = Mean time per level.
                   A        B        C        D        E       F      G
               +--------+--------+--------+--------+--------+-----+--------+
         Total |   2979 |   2869 |    110 |    443 |   1814 |   5 |  595.8 |
       Dungeon |   2979 |   2869 |    110 |    443 |   1814 |   5 |  595.8 |
               +--------+--------+--------+--------+--------+-----+--------+

Top non-repeatable levels by time:
     D:2: 846 daAuts
     D:3: 803 daAuts
     D:4: 574 daAuts
     D:1: 428 daAuts
     D:5: 326 daAuts
